 Dungeon Crawl Stone Soup version 0.22-a0-247-gbddf880 (webtiles) character file.

406060 mhoghedin the Spry (level 24, -1/177 HPs)
             Began as a Halfling Hunter on Feb 24, 2018.
             Was the Champion of Ru.
             Killed from afar by a frost giant (39 damage)
             ... with a bolt of cold
             ... on level 5 of the Vaults on Feb 26, 2018.
             The game lasted 02:36:25 (56086 turns).

mhoghedin the Spry (Halfling Hunter)               Turns: 56086, Time: 02:36:26

Health: -1/177     AC: 28    Str: 27    XL:     24   Next: 53%
Magic:  0/24       EV: 23    Int:  4    God:    Ru [******]
Gold:   977        SH:  2    Dex: 14    Spells: 19/23 levels left

rFire    + . .     SeeInvis +   b - +8 double sword (slice)
rCold    . . .     Gourm    .   (shield currently unavailable)
rNeg     + . .     Faith    .   H - +6 chain mail "Daunk" {rElec Str+3}
rPois    +         Spirit   +   N - +0 helmet of Kyuvoofo {rN+ MR+++ Int-5 Dex-4}
rElec    +         Reflect  +   K - scarf {Spirit}
rCorr    .         Harm     .   J - +2 pair of gloves
MR       ++++.                  j - +2 pair of boots
Stlth    ..........             u - amulet of Knowledge {Reflect +Inv Str+3 SH+2 SInv}
HPRegen  0.39/turn              O - ring of poison resistance {rPois, !d}
MPRegen  0.19/turn              g - ring of protection from fire {rF+, !d}

@: lethally poisoned (-1 -> -1), exhausted, extremely horrified, very slightly
contaminated, drained
A: small, low mp 2, mutation resistance 1, no stealth, hated by all, cowardly,
no charms magic, no earth magic, no hexes magic, unskilled 1
}: 2/15 runes: serpentine, barnacled
a: Draw Out Power, Power Leap, Apocalypse, Renounce Religion, Evoke Invisibility


You were on level 5 of the Vaults.
You worshipped Ru.
Ru was exalted by your worship.
You were full.

You visited 7 branches of the dungeon, and saw 39 of its levels.
You visited the Abyss 1 time.

You collected 3731 gold pieces.
You spent 2754 gold pieces at shops.

Inventory:

Hand Weapons
 a - a +2 fustibalus of velocity
   (You bought it in a shop on level 1 of the Elven Halls)
 b - a +8 double sword of slicing (weapon)
   (You took it off Urug on level 2 of the Lair of Beasts)
 y - a +4 scimitar of flaming
   (You took it off Erica on level 8 of the Dungeon)
Missiles
 e - 935 stones
 A - 68 sling bullets
 C - 8 throwing nets (quivered) {=f, !d}
Armour
 j - a +2 pair of boots (worn)
   (You found it on level 1 of the Dungeon)
 w - a scarf of cloud immunity
   (You found it on level 2 of the Vaults)
 H - the +6 chain mail "Daunk" (worn) {rElec Str+3}
   (You bought it in a shop on level 2 of the Orcish Mines)

   It affects your strength (+3).
   It insulates you from electricity.
 J - a +2 pair of gloves (worn)
   (You found it on level 8 of the Dungeon)
 K - a scarf of spirit shield (worn)
   (You found it on level 8 of the Dungeon)
 N - the +0 helmet of Kyuvoofo (worn) {rN+ MR+++ Int-5 Dex-4}
   (You found it on level 2 of the Elven Halls)

   It affects your intelligence (-5).
   It affects your dexterity (-4).
   It protects you from negative energy.
   It affects your resistance to hostile enchantments.
Jewellery
 g - a ring of protection from fire (right hand) {rF+, !d}
   (You found it on level 2 of the Snake Pit)
 u - the amulet of Knowledge (around neck) {Reflect +Inv Str+3 SH+2 SInv}
   (You found it on level 5 of the Lair of Beasts)

   [amulet of reflection]

   It shields you and reflects attacks.
   It affects your strength (+3).
   It lets you see invisible.
   It lets you turn invisible.
   It affects your SH (+2).
 O - a ring of poison resistance (left hand) {rPois, !d}
   (You found it on level 4 of the Lair of Beasts)
 U - an uncursed ring of resist corrosion
   (You found it on level 6 of the Lair of Beasts)
 V - an uncursed ring of ice {rC+, rF-}
   (You found it on level 2 of the Elven Halls)
Wands
 k - a wand of disintegration (23)
   (You found it on level 3 of the Shoals)
 F - a wand of paralysis (27)
   (You found it on level 4 of the Shoals)
 L - a wand of digging (48)
   (You found it on level 8 of the Dungeon)
 R - a wand of acid (28)
   (You found it on level 6 of the Lair of Beasts)
 Y - a wand of clouds (7)
   (You found it on level 12 of the Dungeon)
Scrolls
 d - 2 scrolls of fog
 h - 9 scrolls of fear
 i - 9 scrolls of teleportation
 l - 13 scrolls of amnesia
 m - 3 scrolls of immolation {!r}
 o - 3 scrolls of blinking {!r}
 q - 3 scrolls of vulnerability {!r!r}
 s - a scroll of brand weapon
 x - 4 scrolls of magic mapping {!r}
 z - 8 scrolls of remove curse
 G - 6 scrolls of holy word {!r}
 M - a scroll of enchant armour
Potions
 n - 4 potions of haste
 p - a potion of berserk rage {!q}
 r - a potion of might
 t - 11 potions of heal wounds
 v - 18 potions of curing
 D - 3 potions of ambrosia
 E - 5 potions of brilliance
 I - 5 potions of magic
 P - 2 potions of flight
 Q - 5 potions of cancellation
Miscellaneous
 B - a crystal ball of energy
   (You found it on level 4 of the Shoals)
 T - a lamp of fire
   (You found it on level 12 of the Dungeon)
 W - a fan of gales
   (You found it on level 6 of the Lair of Beasts)
Comestibles
 c - 6 chunks of flesh {@w0}
 f - 45 rations


   Skills:
 + Level 18.1(17.2) Fighting
 - Level 16.9(16.0) Long Blades
 - Level 14.0(13.1) Slings
 + Level 15.1(14.3) Armour
 + Level 19.5(18.5) Dodging
 - Level 10.7(9.9) Evocations


You had 19 spell levels left.
You knew the following spells:

 Your Spells              Type           Power        Failure   Level  Hunger
b - Blink                 Tloc           N/A          97%         2    ###....
g - Apportation           Tloc           #.....       91%         1    ##.....
A - Animate Skeleton      Necr           N/A          91%         1    ##.....


Dungeon Overview and Level Annotations

Branches:
Dungeon (15/15)            Temple (0/1) D:6            Lair (6/6) D:10
 Shoals (4/4) Lair:4        Snake (4/4) Lair:4        Slime (0/5) Lair:6
    Orc (2/2) D:10            Elf (3/3) Orc:2        Vaults (5/5) D:14
  Crypt (0/3) Vaults:3     Depths (0/5) D:15

Altars:
Ashenzari
Cheibriados
Dithmenos
Elyvilon
Fedhas
Gozag
Kikubaaqudgha
Okawaru
Ru
Sif Muna
Trog
Uskayaw
Vehumet
Zin
The Shining One

Shops:
D:5 ?   D:6 }   D:8 :   D:13 ?   D:15 (   Orc:2 [(!*   Elf:1 (   Shoals:3 *
Snake:2 %   Vaults:1 }   Vaults:2 :

Annotations:
Lair:6 exclusion: 5 oklob plants


Innate Abilities, Weirdness & Mutations

You are small and have problems with some larger weapons.
Your magical capacity is very low. (-20% MP)
You are somewhat resistant to further mutation.
You cannot be stealthy.
You are hated by all.
Your cowardice makes you less effective in combat with threatening monsters.
You cannot study or cast Charms magic.
You cannot study or cast Earth magic.
You cannot study or cast Hexes magic.
You are somewhat unskilled. (-1 Apt)


Message History

You slice the vault warden!! The vault warden closely misses you.
Health restored: 177 You slash the vault warden!
The titan begins to cast a spell, but is stunned by your will!
You slice the vault warden!!
You kill the vault warden!
The titan falters for a moment.
A deep elf annihilator comes into view. It is wielding a short sword.
The titan hits you!!
Things that are here:
4 large rocks {!d}; a stone giant corpse You take 31 damage, and have 146/177 hp.
You now have 14/24 mp.
You slash the titan! The titan hits you!!
You reel with horror at the sight of these foes!
You take 21 damage, and have 125/177 hp.
You now have 12/24 mp.
You hit the titan but do no damage. You slash the titan!
The titan barely misses you.
You riposte.
You hit the titan.
The tengu reaver begins to cast a spell, but is stunned by your will!
The deep elf annihilator mumbles some strange words.
The deep elf annihilator blinks!
You slash the titan!
You kill the titan!
The tengu reaver hits you but does no damage.
Things that are here:
a long sword of holy wrath; a plate armour The frost giant is no longer paralysed.
The tengu reaver begins to cast a spell, but is stunned by your will!
The frost giant begins to cast a spell, but is stunned by your will!
The helpless ironbrand convoker fails to defend itself.
You chop the ironbrand convoker into pieces!!!
You kill the ironbrand convoker!
You feel a twist of horror at the sight of this foe.
An orc comes into view. It is wielding an antimagic hand axe.
The orc shouts!
The tengu reaver casts a spell.
The tengu reaver conjures a globe of magical energy!
A battlesphere comes into view.
Things that are here:
a morningstar of crushing; a ring mail; a human corpse You hit the tengu reaver but do no damage.
The tengu reaver hits you with a glaive of venom.
You are poisoned.
The tengu reaver completely misses you.
The tengu reaver claws you but does no damage.
The deep elf annihilator begins to cast a spell, but is stunned by your will!
You take 4 damage, and have 123/177 hp.
Unknown command.
You feel sick.
The tengu reaver gestures at you while chanting.
The bolt of acid misses you.
The battlesphere fires!
The barrage of energy hits you!
The frost giant begins to cast a spell, but is stunned by your will!
You hear two shouts!
Things that are here:
4 large rocks {!d}; a stone giant corpse You hear a deafening roar!
The tengu reaver hits you with a glaive of venom!
The tengu reaver pecks you. The tengu reaver closely misses you.
The frost giant gestures at you while chanting.
The bolt of cold hits you!
You reel with horror at the sight of these foes!
An ettin comes into view.
It is wielding a great mace and a dire flail.
Things that are here:
a broad axe of flaming; a chain mail; a shield You take 20 damage, and have 103/177 hp.
You now have 12/24 mp.
You feel sick. The ettin completely misses you.
The ettin hits you with a dire flail!!! The frost giant misses you.
You see here a flail.
You take 32 damage, and have 71/177 hp.
You now have 8/24 mp.
Unknown command.
Unknown command.
Unknown command.
The deep elf annihilator gestures at you while chanting.
The iron shot misses you.
The iron shot hits the orc.
The orc dies!
The ettin completely misses you. The ettin hits you with a dire flail!
The tengu reaver casts a spell at you. The bolt of acid misses you.
The battlesphere fires!
The barrage of energy hits you!
An orc knight comes into view. It is wielding a battleaxe.
You see here a glowing shapeshifter corpse.
You take 12 damage, and have 59/177 hp.
You now have 7/24 mp.
Unknown command.
Unknown command.
You feel sick.
The orc knight shouts!
The deep elf annihilator points at you and mumbles some strange words.
The iron shot hits you!
* * * LOW HITPOINT WARNING * * *
There is an escape hatch in the ceiling here.
You take 22 damage, and have 37/177 hp.
You now have 5/24 mp.
Unknown command.
Unknown command.
The frost giant casts a spell at you. The bolt of cold hits you!
You die...

#....# #....# ...
.T...##....#....
...(..#....#....
#...([[......
######..[([...###
.......[.*[......
......?))<<......
.....[[[<..<.[[..
......[.)@<..[o..
######.CCe..[.###
.......)Q[[....+
......#))[.#.###
......#()..#+#
###...#))(.#
###.#....# #))..#
#....#


You could see a frost giant, a tengu reaver, an orc knight, a deep elf
annihilator, an ettin and a battlesphere.

Vanquished Creatures
  Sojobo (Vaults:4)
  Saint Roka (Vaults:3)
  Vashnia (Snake:4)
  Bai Suzhen (Snake:2)
  Nikola (Vaults:1)
  Jory (Vaults:4)
  A bone dragon (Abyss:1)
  Jorgrun (Vaults:4)
  3 titans
  2 liches
  The ghost of Galewind the Eclecticist, an adept DECj of Sif Muna (Shoals:4)
  The ghost of ThereIsNoGod the Sorcerer, an adept SpVM of Gozag (Vaults:2)
  A shadow dragon (Vaults:5)
  Donald (Snake:1)
  2 sphinxes
  9 nagarajas
  Ilsuiw (Shoals:4)
  Agnes (Elf:1)
  3 tengu reavers (Vaults:4)
  4 frost giants
  A deep elf sorcerer (Vaults:1)
  Aizul (Snake:1)
  18 vault wardens
  13 ironheart preservers
  A ghoul (Vaults:3)
  3 war gargoyles
  4 deep elf elementalists
  14 stone giants
  4 very ugly things (Vaults:3)
  An entropy weaver (Vaults:4)
  3 deep elf annihilators
  An entropy weaver (shapeshifter) (Vaults:3)
  4 deep elf demonologists
  5 dire elephants (Lair:6)
  2 ettins (Vaults:4)
  A minotaur (Shoals:3)
  6 merfolk javelineers
  A deep elf death mage (Vaults:3)
  9 merfolk impalers
  A blizzard demon (Abyss:1)
  3 fire dragons
  Josephine (D:15)
  11 ogre magi
  A deep elf high priest (Elf:3)
  23 naga warriors
  6 ice dragons
  5 yaktaur captains
  A great orb of eyes (Vaults:4)
  4 rakshasas
  13 centaur warriors
  31 vault guards
  Erica (D:8)
  2 catoblepae
  3 alligator snapping turtles
  4 hydras
  A merfolk avatar (Shoals:4)
  9 anacondas
  2 death knights
  24 two-headed ogres
  29 dancing weapons
  2 satyrs
  A deep troll earth mage (Vaults:2)
  4 merfolk aquamancers
  A shock serpent (shapeshifter) (Vaults:1)
  A tengu warrior (D:15)
  Urug (Lair:2)
  18 naga sharpshooters
  2 orc high priests
  A shock serpent (Snake:4)
  Nergalle (Lair:2)
  4 wretched stars (Abyss:1)
  A shadow wraith (Vaults:4)
  5 hell knights (Vaults:3)
  17 deep elf knights
  2 salamander mystics (Snake:4)
  15 sea snakes
  A spatial maelstrom (Abyss:1)
  3 deep trolls
  2 unseen horrors
  8 naga ritualists
  A glowing orange brain (Vaults:2)
  A starcursed mass (Abyss:1)
  2 flayed ghosts
  18 orc knights
  10 deep elf archers
  3 phantasmal warriors
  2 wizards
  20 ironbrand convokers
  8 mana vipers
  3 necromancers
  Pikel (D:4)
  7 orc sorcerers
  52 deep elf magi
  4 wolf spiders
  13 harpies
  37 ugly things
  A fire giant zombie (Abyss:1)
  6 fauns
  A frost giant zombie (Vaults:5)
  16 salamanders
  10 manticores
  A worldbinder (Abyss:1)
  A cyclops (shapeshifter) (Vaults:1)
  2 centaur zombies
  11 cyclopes
  17 elephants
  8 merfolk sirens
  33 black mambas
  10 vault sentinels
  6 spiny frogs
  A water nymph (Shoals:4)
  9 guardian serpents
  18 naga magi
  A smoke demon (Abyss:1)
  An orange demon (Abyss:1)
  A water nymph (shapeshifter) (Vaults:5)
  A gargoyle (D:13)
  4 rime drakes
  13 freezing wraiths
  8 komodo dragons
  A yaktaur (shapeshifter) (Vaults:3)
  39 yaktaurs
  An ancient zyme (Abyss:1)
  2 yaktaur skeletons (Vaults:4)
  A troll (shapeshifter) (Vaults:1)
  4 harpy zombies (Shoals:4)
  A queen bee (shapeshifter) (Vaults:2)
  8 trolls
  3 meliai (Shoals:3)
  A queen bee (Lair:1)
  18 merfolk
  A wind drake (Shoals:1)
  A polar bear (Lair:4)
  A hornet (shapeshifter) (D:15)
  Prince Ribbit (D:7)
  2 raiju (shapeshifter)
  14 dream sheep
  20 hippogriffs
  2 hornets
  10 snapping turtles
  An ettin zombie (Abyss:1)
  10 blink frogs
  A hippogriff (shapeshifter) (Vaults:2)
  20 slime creatures
  A fire giant simulacrum (Abyss:1)
  A shadow (D:14)
  10 water elementals
  A vampire (D:15)
  5 large abominations (Abyss:1)
  21 yaks
  An air elemental (Elf:2)
  A ynoxinul (Abyss:1)
  A redback (Vaults:4)
  A spriggan (shapeshifter) (Vaults:3)
  A spriggan (D:7)
  A hog (shapeshifter) (Vaults:4)
  2 tarantellas (Vaults:4)
  7 wraiths
  A human (shapeshifter) (Vaults:1)
  2 basilisks
  2 basilisks (shapeshifter)
  2 fire elementals (Elf:1)
  21 humans (D:14)
  2 hungry ghosts
  A steam dragon (D:12)
  Grum (D:8)
  6 vampire mosquitoes
  A spatial vortex (Abyss:1)
  Menkaure (D:7)
  60 nagas
  5 wargs
  A soldier ant (D:13)
  3 insubstantial wisps (Abyss:1)
  12 water moccasins
  Duvessa (D:4)
  35 orc warriors
  7 porcupines
  A floating eye (shapeshifter) (Elf:2)
  A human zombie (Vaults:4)
  3 slaves (D:4)
  2 eyes of draining
  4 sky beasts
  An eye of draining (shapeshifter) (Vaults:2)
  4 ice beasts
  4 black bears
  2 phantoms
  25 ogres
  A necrophage (D:13)
  9 boggarts
  19 centaurs
  4 wolves (D:8)
  18 crocodiles
  14 bullfrogs
  2 big kobolds
  A gnoll sergeant (D:8)
  2 earth elementals
  Dowan (D:4)
  A wyvern skeleton (D:14)
  2 small abominations (Abyss:1)
  3 scorpions
  28 killer bees
  An electric eel (D:13)
  8 wights
  4 crimson imps
  3 quasits
  2 bullfrog zombies
  12 jellies
  20 orc priests
  8 centaur skeletons
  22 orc wizards
  2 bullfrog skeletons
  A gnoll shaman (D:6)
  5 hounds
  2 iron imps (Abyss:1)
  7 iguanas
  17 worker ants
  A hound zombie (D:10)
  2 hound skeletons
  A howler monkey zombie (D:10)
  13 gnolls
  2 howler monkey skeletons
  11 adders
  4 shadow imps
  2 ufetubi (Abyss:1)
  15 oozes
  3 adder zombies
  An adder skeleton (D:7)
  3 worms (D:2)
  4 dart slugs
  7 leopard geckos
  96 orcs
  7 giant cockroaches
  9 goblins
  11 hobgoblins
  9 jackals
  24 kobolds
  3 quokkas
  11 bats
  2 frilled lizards
  A quokka skeleton (D:7)
  7 rats
  5 fungi (Lair:4)
  13 plants
1670 creatures vanquished.

Vanquished Creatures (others)
  Margery (Vaults:3)
  A nagaraja (Snake:3)
  A vault warden (Vaults:2)
  A ghoul (Vaults:3)
  A dire elephant (Lair:6)
  An ettin (Vaults:5)
  2 merfolk javelineers (Shoals:4)
  A vault guard (D:14)
  A hydra (D:15)
  A centaur warrior (Vaults:3)
  A two-headed ogre (D:13)
  2 shock serpents
  A deep troll (Vaults:2)
  2 ironbrand convokers (Vaults:4)
  A faun (Shoals:3)
  An ugly thing (Vaults:3)
  2 cyclopes
  A slime creature (Vaults:1)
  2 black mambas
  A naga mage (Snake:4)
  A large abomination (Abyss:1)
  2 yaktaurs
  A harpy zombie (Shoals:4)
  2 yaks
  A human (D:14)
  A wyvern (D:15)
  A small abomination (Abyss:1)
  4 nagas
  A water moccasin (Lair:6)
  An orc warrior (Vaults:2)
  An ogre (Vaults:1)
  A boggart (Vaults:3)
  A centaur (Vaults:4)
  A wolf (D:8)
  An orc priest (Orc:2)
  A gnoll (D:7)
  6 orcs
  9 fungi
  14 plants
75 creatures vanquished.

Grand Total: 1745 creatures vanquished

Notes
Turn   | Place    | Note
-------+----------+-------------------------------------------
     0 | D:1      | mhoghedin the Halfling Hunter began the quest for the Orb.
     0 | D:1      | Reached XP level 1. HP: 14/14 MP: 1/1
    45 | D:1      | Reached skill level 6 in Slings
    53 | D:1      | Reached skill level 2 in Fighting
    53 | D:1      | Reached XP level 2. HP: 19/19 MP: 2/2
   132 | D:1      | Reached XP level 3. HP: 24/24 MP: 3/3
   435 | D:1      | Reached skill level 3 in Dodging
   742 | D:2      | Reached XP level 4. HP: 30/30 MP: 4/4
  1029 | D:2      | Reached skill level 7 in Slings
  1029 | D:2      | Reached XP level 5. HP: 27/36 MP: 5/5
  1266 | D:2      | Reached skill level 3 in Fighting
  1403 | D:2      | Found an ancient bone altar of Kikubaaqudgha.
  1718 | D:3      | Found a shattered altar of Ashenzari.
  2044 | D:3      | Reached skill level 4 in Dodging
  2044 | D:3      | Reached XP level 6. HP: 41/42 MP: 6/6
  2660 | D:4      | Noticed an ogre
  2665 | D:4      | Killed an ogre
  2740 | D:4      | Reached skill level 8 in Slings
  2804 | D:4      | Noticed a phantom
  2829 | D:4      | Killed a phantom
  2829 | D:4      | Reached skill level 4 in Fighting
  2829 | D:4      | Reached XP level 7. HP: 38/48 MP: 7/7
  2837 | D:4      | Reached skill level 5 in Dodging
  3202 | D:4      | Found a sacrificial altar of Ru.
  3498 | D:4      | Noticed Pikel
  3508 | D:4      | Killed Pikel
  3508 | D:4      | Reached skill level 5 in Fighting
  3508 | D:4      | Reached skill level 9 in Slings
  3508 | D:4      | Reached skill level 6 in Dodging
  3508 | D:4      | Reached XP level 8. HP: 28/55 MP: 8/8
  3731 | D:4      | Noticed Dowan
  3732 | D:4      | Noticed Duvessa
  3762 | D:4      | Killed Duvessa
  3765 | D:4      | Killed Dowan
  4256 | D:4      | Became a worshipper of Ru the Awakened
  4285 | D:5      | Entered Level 5 of the Dungeon
  4311 | D:5      | Found Furamuiv's Magic Scroll Emporium.
  4321 | D:5      | Reached skill level 10 in Slings
  4330 | D:5      | Bought a scroll of enchant weapon for 97 gold pieces
  4773 | D:5      | Reached XP level 9. HP: 62/62 MP: 9/9
  4777 | D:5      | Reached skill level 7 in Dodging
  5216 | D:6      | Found a snail-covered altar of Cheibriados.
  5216 | D:6      | Found Tonwymut's Gadget Shop.
  5219 | D:6      | Reached skill level 6 in Fighting
  5268 | D:6      | Gained mutation: You are somewhat unskilled. (-1 Apt) [Ru sacrifice]
  5268 | D:6      | Reduced skill Fighting to level 5
  5268 | D:6      | Reduced skill Dodging to level 6
  5268 | D:6      | Reached * piety under Ru
  5331 | D:6      | Reached skill level 7 in Dodging
  5334 | D:6      | Learned a level 1 spell: Apportation
  5336 | D:6      | Learned a level 1 spell: Animate Skeleton
  5341 | D:6      | Found a deep blue altar of Sif Muna.
  5610 | D:6      | Reached skill level 6 in Fighting
  5803 | D:6      | Found a radiant altar of Vehumet.
  5910 | D:6      | Found a staircase to the Ecumenical Temple.
  5985 | D:7      | Noticed a hippogriff
  5995 | D:6      | Killed a hippogriff
  6068 | D:7      | Identified the Compendium of Flamy Darkness
  6095 | D:7      | Reached skill level 11 in Slings
  6095 | D:7      | Reached XP level 10. HP: 52/69 MP: 10/10
  6224 | D:7      | Reached skill level 8 in Dodging
  6486 | D:7      | Reached skill level 7 in Fighting
  6618 | D:7      | Noticed Prince Ribbit
  6626 | D:7      | Killed Prince Ribbit
  6845 | D:7      | Gained mutation: You cannot study or cast Earth magic. [Ru sacrifice]
  6845 | D:7      | Gained mutation: You cannot study or cast Hexes magic. [Ru sacrifice]
  6845 | D:7      | Gained mutation: You cannot study or cast Charms magic. [Ru sacrifice]
  6845 | D:7      | Reached ** piety under Ru
  7064 | D:7      | Noticed Menkaure
  7066 | D:7      | Killed Menkaure
  7066 | D:7      | Reached skill level 12 in Slings
  7233 | D:7      | Learned a level 2 spell: Blink
  7286 | D:8      | Found a glowing golden altar of the Shining One.
  7330 | D:8      | Noticed Maurice
  7437 | D:8      | Found an opulent altar of Gozag.
  7505 | D:8      | Reached skill level 9 in Dodging
  7505 | D:8      | Reached skill level 1 in Evocations
  7562 | D:8      | Found an iron altar of Okawaru.
  7790 | D:8      | Noticed Maurice
  7802 | D:8      | Killed Maurice the wolf
  7967 | D:8      | Found Eriuhiss's Book Shop.
  8064 | D:8      | Noticed Grum
  8078 | D:8      | Reached skill level 2 in Evocations
  8099 | D:8      | Killed Grum
  8099 | D:8      | Reached XP level 11. HP: 76/76 MP: 12/12
  8517 | D:8      | Found a glowing silver altar of Zin.
  8565 | D:8      | Noticed a two-headed ogre
  8570 | D:8      | a two-headed ogre changed into a merfolk
  8728 | D:8      | Noticed Erica
  8753 | D:8      | Killed Erica
  8753 | D:8      | Reached skill level 8 in Fighting
  8753 | D:8      | Reached skill level 3 in Evocations
  8898 | D:8      | Reached skill level 1 in Long Blades
  9028 | D:9      | Reached skill level 2 in Long Blades
  9386 | D:9      | Reached skill level 3 in Long Blades
  9605 | D:9      | Gained mutation: Your magical capacity is low. (-10% MP) [Ru sacrifice]
  9605 | D:9      | Reached *** piety under Ru
  9888 | D:10     | Entered Level 10 of the Dungeon
  9958 | D:10     | Noticed a two-headed ogre
  9970 | D:10     | Killed a two-headed ogre
  9970 | D:10     | Reached skill level 4 in Long Blades
 10014 | D:10     | Found a radiant altar of Vehumet.
 10196 | D:10     | Reached skill level 5 in Long Blades
 10259 | D:10     | Noticed a two-headed ogre
 10271 | D:10     | Killed a two-headed ogre
 10313 | D:10     | Found a staircase to the Orcish Mines.
 10366 | D:10     | Found a staircase to the Lair.
 10539 | D:10     | Got a crude dagger
 10540 | D:10     | Identified the +1 dagger of Gusatwukh {venom, +Blink Stlth+} (You found it on level 10 of the Dungeon)
 10642 | Lair:1   | Entered Level 1 of the Lair of Beasts
 10705 | Lair:1   | Reached skill level 6 in Long Blades
 10715 | Lair:1   | Reached skill level 2 in Stealth
 10817 | Lair:1   | Identified the +6 hand axe of Untimely Demise {drain, rElec MR+} (You found it on level 1 of the Lair of Beasts)
 10875 | Lair:1   | Reached XP level 12. HP: 51/83 MP: 9/13
 10902 | Lair:1   | Reached skill level 4 in Evocations
 10911 | Lair:1   | Reached skill level 10 in Dodging
 10919 | Lair:1   | Gained mutation: Your cowardice makes you less effective in combat with threatening monsters. [Ru sacrifice]
 10919 | Lair:1   | Reached **** piety under Ru
 11691 | Lair:2   | Noticed Nergalle
 11706 | Lair:2   | Killed Nergalle
 11849 | Lair:2   | Noticed Urug
 11862 | Lair:2   | Reached skill level 7 in Long Blades
 11883 | Lair:2   | HP: 13/84 [Urug/double sword of slicing (15)]
 11891 | Lair:2   | HP: 27/126 [Urug/double sword of slicing (11)]
 11896 | Lair:2   | Killed Urug
 11896 | Lair:2   | Reached skill level 5 in Evocations
 12731 | Lair:2   | Noticed a five-headed hydra
 12747 | Lair:2   | Killed a one-headed hydra
 12762 | Lair:2   | Reached skill level 9 in Fighting
 13056 | Lair:3   | Reached skill level 11 in Dodging
 13069 | Lair:3   | Reached skill level 8 in Long Blades
 13366 | Lair:3   | Gained mutation: You are hated by all. [Ru sacrifice]
 13366 | Lair:3   | Reached ***** piety under Ru
 13871 | Lair:4   | Reached XP level 13. HP: 90/90 MP: 15/15
 14064 | Lair:4   | Reached skill level 9 in Long Blades
 14209 | Lair:4   | Found a staircase to the Snake Pit.
 14222 | Lair:4   | Reached skill level 12 in Dodging
 14362 | Lair:4   | Found a staircase to the Shoals.
 14476 | Lair:4   | Gained mutation: You cannot be stealthy. [Ru sacrifice]
 14476 | Lair:4   | Reduced skill Stealth to level 0
 15527 | Lair:5   | Got a vibrating ruby amulet
 15561 | Lair:5   | Identified the amulet of Knowledge {Reflect +Inv Str+3 SH+2 SInv} (You found it on level 5 of the Lair of Beasts)
 15734 | Lair:5   | Reached skill level 10 in Long Blades
 15864 | Lair:6   | Entered Level 6 of the Lair of Beasts
 15864 | Lair:6   | Noticed a six-headed hydra
 15874 | Lair:6   | Killed a four-headed hydra
 15890 | Lair:6   | Gained mutation: Your magical capacity is very low. (-20% MP) [Ru sacrifice]
 15890 | Lair:6   | Reached ****** piety under Ru
 16098 | Lair:6   | Reached XP level 14. HP: 70/98 MP: 10/14
 16471 | Lair:6   | Reached skill level 10 in Fighting
 16830 | Lair:6   | Found a staircase to the Slime Pits.
 17018 | Lair:6   | Reached skill level 13 in Dodging
 17027 | Lair:6   | Noticed a dire elephant
 17027 | Lair:6   | Noticed a dire elephant
 17042 | Lair:6   | Noticed a dire elephant
 17042 | Lair:6   | Killed a dire elephant
 17051 | Lair:6   | Killed a dire elephant
 17060 | Lair:6   | Killed a dire elephant
 17163 | Lair:6   | Noticed a dire elephant
 17175 | Lair:6   | Killed a dire elephant
 17284 | Lair:6   | Noticed a dire elephant
 17293 | Lair:6   | Killed a dire elephant
 17293 | Lair:6   | Reached skill level 6 in Evocations
 17323 | Lair:6   | Noticed a dire elephant
 17332 | Lair:6   | Killed a dire elephant
 17488 | D:11     | Found a blossoming altar of Fedhas.
 17674 | D:11     | Found a labyrinth entrance.
 18109 | D:11     | Reached skill level 11 in Long Blades
 19501 | D:13     | Reached skill level 7 in Evocations
 19506 | D:13     | Reached XP level 15. HP: 55/105 MP: 7/16
 19846 | D:13     | Found a white marble altar of Elyvilon.
 20008 | D:13     | Found Plog's Magic Scroll Shoppe.
 20190 | D:14     | Reached skill level 11 in Fighting
 20253 | D:14     | Found a gate to the Vaults.
 20461 | D:14     | Reached skill level 14 in Dodging
 20961 | D:15     | Entered Level 15 of the Dungeon
 20962 | D:15     | Noticed Josephine
 20982 | D:15     | Killed Josephine
 20982 | D:15     | Reached skill level 8 in Evocations
 20994 | D:15     | Found Mautzu Vira's Weapon Shop.
 21591 | D:15     | Found a shadowy altar of Dithmenos.
 21682 | D:15     | Reached skill level 12 in Long Blades
 21860 | D:15     | Found a staircase to the Depths.
 22079 | Orc:1    | Entered Level 1 of the Orcish Mines
 22798 | Orc:2    | Entered Level 2 of the Orcish Mines
 22872 | Orc:2    | Found a bloodstained altar of Trog.
 22882 | Orc:2    | Found a staircase to the Elven Halls.
 23211 | Orc:2    | Found Gaxkamy's Distillery.
 23211 | Orc:2    | Found Agudduyrru's Assorted Antiques.
 23212 | Orc:2    | Found Orphees's Weapon Emporium.
 23236 | Orc:2    | Found Ywohir's Antique Armour Emporium.
 23238 | Orc:2    | Bought a potion of heal wounds for 75 gold pieces
 23238 | Orc:2    | Bought a potion of curing for 45 gold pieces
 23238 | Orc:2    | Bought a potion of curing for 45 gold pieces
 23238 | Orc:2    | Bought a potion of curing for 45 gold pieces
 23238 | Orc:2    | Bought a potion of curing for 45 gold pieces
 23243 | Orc:2    | Bought a shimmering chain mail for 285 gold pieces
 23243 | Orc:2    | Bought a runed helmet for 225 gold pieces
 23247 | Orc:2    | Paralysed by an orc sorcerer for 4 turns
 23272 | Orc:2    | Identified the +6 chain mail "Daunk" {rElec Str+3} (You bought it in a shop on level 2 of the Orcish Mines)
 23466 | Snake:1  | Entered Level 1 of the Snake Pit
 23575 | Snake:1  | Reached XP level 16. HP: 113/113 MP: 17/17
 23603 | Snake:1  | Reached skill level 1 in Armour
 23927 | Snake:1  | Noticed Donald
 23940 | Snake:1  | Killed Donald
 24044 | Snake:1  | Noticed Aizul
 24059 | Snake:1  | Killed Aizul
 24100 | Snake:1  | Reached skill level 2 in Armour
 24924 | Snake:2  | Reached skill level 9 in Evocations
 25255 | Snake:2  | Found Nunaen's Food Shoppe.
 25374 | Snake:2  | Reached skill level 3 in Armour
 25945 | Snake:2  | Noticed a nagaraja
 25959 | Snake:2  | Killed a nagaraja
 25959 | Snake:2  | Reached skill level 12 in Fighting
 26265 | Snake:2  | Noticed a nagaraja
 26288 | Snake:2  | Killed a nagaraja
 26431 | Snake:2  | Reached skill level 4 in Armour
 26650 | Snake:3  | Reached skill level 15 in Dodging
 26664 | Snake:3  | Noticed a nagaraja
 26746 | Snake:3  | Noticed a nagaraja
 26896 | Snake:3  | Noticed Bai Suzhen
 27225 | Shoals:1 | Entered Level 1 of the Shoals
 27478 | Shoals:1 | You fall through a shaft!
 27949 | Shoals:1 | Reached XP level 17. HP: 89/119 MP: 15/19
 28178 | Shoals:1 | Reached skill level 5 in Armour
 28429 | Shoals:2 | Reached skill level 13 in Long Blades
 29655 | Shoals:3 | Identified a scroll of acquirement
 29660 | Shoals:3 | Got a spiked shield
 29661 | Shoals:3 | Identified the +0 shield "Koef" {*Contam rElec Dex+3 Stlth+} (You acquired it on level 3 of the Shoals)
 29729 | Shoals:3 | Found a hide-covered altar of Uskayaw.
 29754 | Shoals:3 | Reached skill level 6 in Armour
 29886 | Shoals:3 | Found Exosed's Assorted Antiques.
 29896 | Shoals:3 | Bought a heavily runed leather armour for 280 gold pieces
 29906 | Shoals:3 | Identified the +0 leather armour of Liberty {Dex+7} (You bought it in a shop on level 3 of the Shoals)
 30505 | Shoals:3 | Identified the cursed +1 fustibalus of Disgust {speed, Int+7} (You found it on level 3 of the Shoals)
 30636 | Shoals:4 | Entered Level 4 of the Shoals
 30643 | Shoals:4 | Noticed Ilsuiw
 30661 | Shoals:4 | Noticed Galewind's ghost (adept DECj)
 30671 | Shoals:4 | Killed Ilsuiw
 30683 | Shoals:4 | Killed Galewind's ghost
 30721 | Shoals:4 | HP: 16/121 [alligator snapping turtle (74)]
 30734 | Shoals:3 | mhoghedin: DANGER !! :p
 30734 | Shoals:3 | mhoghedin: That was scary
 30734 | Shoals:3 | mhoghedin: Slept by the sheep
 31635 | Shoals:4 | Reached skill level 7 in Armour
 31669 | Shoals:4 | HP: 29/121 [sea snake (5)]
 31977 | Shoals:4 | Reached skill level 13 in Slings
 32212 | Shoals:4 | Reached skill level 14 in Long Blades
 32212 | Shoals:4 | Reached XP level 18. HP: 113/127 MP: 18/20
 32391 | Shoals:4 | Reached skill level 13 in Fighting
 33049 | Shoals:4 | Got a barnacled rune of Zot
 33269 | Snake:2  | Killed Bai Suzhen
 33708 | Snake:3  | Reached skill level 14 in Slings
 34142 | Snake:4  | Entered Level 4 of the Snake Pit
 35378 | Snake:4  | Noticed Vashnia
 35402 | Snake:4  | Killed Vashnia
 35402 | Snake:4  | Reached skill level 15 in Long Blades
 35424 | Snake:4  | Reached skill level 14 in Fighting
 35428 | Snake:4  | Reached XP level 19. HP: 106/136 MP: 3/21
 35836 | Snake:4  | HP: 34/137 [naga warrior/dire flail of draining (9)]
 35842 | Snake:4  | HP: 34/137 [poisoned by a naga warrior (splash of poison)]
 35850 | Snake:4  | HP: 34/137 [poisoned by a naga warrior (splash of poison)]
 36679 | Snake:4  | Reached skill level 16 in Long Blades
 37012 | Snake:4  | Got a serpentine rune of Zot
 37049 | Snake:4  | Got a shimmering ring mail
 37060 | Snake:4  | Identified the +3 ring mail "Bibreozu" {rN+ MR++ Dex+3 Stlth-} (You found it on level 4 of the Snake Pit)
 37727 | Elf:1    | Entered Level 1 of the Elven Halls
 38148 | Elf:1    | Noticed Agnes
 38155 | Elf:1    | Killed Agnes
 38155 | Elf:1    | Reached skill level 15 in Fighting
 38155 | Elf:1    | Reached skill level 10 in Evocations
 38496 | Elf:1    | Found Lets's Antique Weapon Shop.
 38506 | Elf:1    | Bought a glowing fustibalus for 684 gold pieces
 38978 | Elf:2    | Reached XP level 20. HP: 133/145 MP: 19/22
 38978 | Elf:2    | Reached skill level 8 in Armour
 39297 | Elf:2    | Got a dazzling helmet
 39308 | Elf:2    | Identified the cursed +0 helmet of Kyuvoofo {rN+ MR+++ Int-5 Dex-4} (You found it on level 2 of the Elven Halls)
 39341 | Elf:2    | Found a huge runed gate.
 39344 | Elf:2    | Found a huge runed gate.
 39344 | Elf:2    | Found a huge runed gate.
 39344 | Elf:2    | Found a huge runed gate.
 39344 | Elf:2    | Found a huge runed gate.
 41060 | Elf:3    | Entered Level 3 of the Elven Halls
 41090 | Elf:3    | Reached skill level 16 in Dodging
 41102 | Elf:3    | Reached skill level 9 in Armour
 41922 | Elf:3    | HP: 4/146 [deep elf annihilator/iron shot (48)]
 42535 | Vaults:1 | Entered Level 1 of the Vaults
 43141 | Vaults:1 | Noticed Nikola
 43153 | Vaults:1 | Killed Nikola
 43176 | Vaults:1 | Reached skill level 10 in Armour
 43176 | Vaults:1 | Reached XP level 21. HP: 96/153 MP: 16/23
 43186 | Vaults:1 | HP: 14/153 [deep elf knight/shard of ice[an ironheart preserver] (30)]
 44186 | Vaults:1 | Found Efyri's Gadget Shoppe.
 44511 | Vaults:1 | Bought a wand of clouds (7) for 528 gold pieces
 44890 | Vaults:1 | Reached skill level 16 in Fighting
 44897 | Vaults:1 | HP: 38/153 [ogre mage/scimitar (4)]
 44903 | Vaults:1 | HP: 22/153 [vault guard/enchanted battleaxe[a vault warden] (18)]
 45444 | Vaults:2 | Reached skill level 11 in Armour
 46081 | Vaults:2 | Found a ruined gateway.
 46148 | Vaults:2 | Reached skill level 17 in Dodging
 46389 | Vaults:2 | Found Cubiupt's Book Shoppe.
 47358 | Vaults:2 | Reached XP level 22. HP: 150/161 MP: 21/24
 48191 | Shoals:3 | Bought a potion of agility for 160 gold pieces
 48191 | Shoals:3 | Bought a scroll labeled TEIKAYJULA for 40 gold pieces
 48191 | Shoals:3 | Bought a potion of heal wounds for 200 gold pieces
 48985 | Vaults:2 | Noticed ThereIsNoGod's ghost (adept SpVM)
 48997 | Vaults:2 | Killed ThereIsNoGod's ghost
 49202 | Vaults:3 | Reached skill level 12 in Armour
 49546 | Vaults:3 | Cast into level 1 of the Abyss (orc)
 49776 | Abyss:1  | Noticed a bone dragon
 49800 | Abyss:1  | Killed a bone dragon
 50430 | Vaults:3 | Escaped the Abyss
 51302 | Vaults:3 | Noticed Saint Roka
 51325 | Vaults:3 | Killed Saint Roka
 51325 | Vaults:3 | Reached skill level 18 in Dodging
 51576 | Vaults:3 | Reached skill level 13 in Armour
 51630 | Vaults:3 | Reached skill level 17 in Fighting
 51652 | Vaults:3 | Reached XP level 23. HP: 52/168 MP: 18/24
 52154 | Vaults:3 | Found a staircase to the Crypt.
 52585 | Vaults:3 | Noticed Margery
 52674 | Vaults:3 | Killed Margery
 53448 | Vaults:4 | Noticed Jory
 53488 | Vaults:4 | Killed Jory
 54187 | Vaults:4 | Reached skill level 14 in Armour
 55196 | Vaults:4 | Noticed Sojobo
 55209 | Vaults:4 | Killed Sojobo
 55209 | Vaults:4 | Reached skill level 19 in Dodging
 55388 | Vaults:4 | Noticed Jorgrun
 55402 | Vaults:4 | Killed Jorgrun
 55612 | Vaults:5 | Entered Level 5 of the Vaults
 55613 | Vaults:5 | Reached XP level 24. HP: 177/177 MP: 24/24
 56017 | Vaults:5 | Reached skill level 18 in Fighting
 56040 | Vaults:4 | Reached skill level 15 in Armour
 56085 | Vaults:5 | HP: 37/177 [deep elf annihilator/iron shot (21)]
 56086 | Vaults:5 | Killed from afar by a frost giant

Vault maps used:
D:1:      grunt_arrival_lava_bath
D:2:      kiku_gazebo_pond_becter, serial_glass, glass_columns_b,
          glass_columns_a, st_stairs_5, kennysheep_generic_room_2
D:3:      evilmike_ruin_ashenzari
D:4:      serial_co_window_serial, co_window_of_opportunity_a,
          co_window_cross_1, co_window_paths_a, co_window_corner_a,
          co_window_corner_a, co_window_corner_a, co_window_paths_a,
          co_window_corner_b, co_window_corner_ca, co_window_2corner,
          co_window_2corner, co_window_4corner_b, glass_columns_a,
          glass_columns_c, glass_columns_a, nicolae_ru_sacrificial_ziggurat,
          uniq_duvessa, uniq_pikel
D:5:      serial_shops, shop_fountains, first_ration, minmay_curled_crystal
D:6:      vehumet_crystals, minmay_temple_entry_fiery, basic_altar,
          serial_shops, nicolae_shop_crystal, kennysheep_slug_shrine
D:7:      the_bakery, minivault_27, grunt_decor_clamped, grunt_ministairs_2,
          minmay_fountain_box, kennysheep_doodads, uniq_prince_ribbit1,
          uniq_menkaure
D:8:      overflow_temple_1_default, serial_shops, shop,
          hangedman_feature_mirror, tso_altar, uniq_grum, uniq_maurice,
          uniq_erica
D:10:     david_lair_shrubbed, orc_0_dummy, special_room, basic_altar
D:11:     lab_entry_generic, fedhas_altar_1
D:13:     serial_shops, nicolae_shop_statue_plus, elyvilon_altar_5
D:14:     grunt_vaults_entry_tiered, serial_bayou_shore_b, minmay_misc_feat_chi
D:15:     grunt_enter_depths_hoard, nicolae_dithmenos_through_a_glass_darkly,
          serial_shops, nicolae_shop_behind_doors, minmay_misc_feat_square,
          uniq_josephine
Lair:2:   small_statue_intersection, uniq_nergalle, uniq_urug
Lair:4:   minmay_shoals_entry_centaurs, guppyfry_snake_entry_garden,
          st_stairs_13, cheibrodos_lair_reptile_den
Lair:5:   lemuel_slime, st_stairs_11, grunt_megastairs_3
Lair:6:   due_jungle_book, minmay_slime_entry_oklob_enclosed
Shoals:2: nicolae_shoals_hunting_party
Shoals:3: serial_shops, shop, regret_index_shoals_crete
Shoals:4: shoals_end_grunt_ice, shoals_ilsuiw_ice, nicolae_shoals_undead_eyrie
Snake:1:  uniq_donald, uniq_aizul
Snake:2:  serial_shops, shop
Snake:3:  uniq_bai_suzhen
Snake:4:  johnstein_snake_rune_scales, lemuel_fruit_tree, grunt_megastairs_2
Orc:1:    nicolae_orc_accident_1, serial_shops, nicolae_shop_behind_doors,
          mines2_david
Orc:2:    st_orc_mages, bloody_trog
Elf:1:    elf_arrival_001, serial_shops, nicolae_shop_stone,
          hangedman_elven_crosses_minicolossus, lemuel_flamethrower_2,
          uniq_agnes
Elf:3:    minmay_elf_hall_four_x, serial_shops, nicolae_shop_statue_plus
Vaults:1: v_alt_pattern_6, v_misc_2, nicolae_vaults_little_squares_2,
          vaults_room_pools, nicolae_vaults_ninety_degrees,
          nicolae_vaults_diagonal_hallway_8, vaults_mumra_minichess,
          nicolae_vaults_little_ls, vaults_room_grid,
          nicolae_vaults_three_branches, v_misc_29, st_lattice,
          ontoclasm_vaults_idyll, serial_shops, shop, uniq_nikola
Vaults:2: vaults_room_stairs_pillars, nicolae_vaults_stairing_the_circle,
          v_pattern_3, ontoclasm_vaults_eye, ontoclasm_vaults_misaligned,
          dpeg_vaults_monster_row, nicolae_vaults_rhombus_6,
          special_room_vaults, nicolae_vaults_sealed_display,
          vaults_dpeg_encased_lava, serial_shops, shop,
          portal_desolation_entry_nicolae_slug
Vaults:3: vaults_dpeg_spiral, minmay_crypt_entry_simple_box,
          vaults_mumra_hexcomb, vaults_mumra_chevron_long,
          ontoclasm_vaults_chip, v_misc_2, v_alt_pattern_6,
          ontoclasm_vaults_spin, vaults_standard_mumra_x, uniq_saint_roka,
          uniq_margery
Vaults:4: v_misc_26, hangedman_vaults_stitches, st_hourglassy,
          vaults_room_stairs_pillars, v_misc_24, vaults_room_corners, v_misc_12,
          hangedman_vaults_stretched_pinwheel, uniq_jorgrun, uniq_jory,
          uniq_sojobo
Vaults:5: serial_shops
Abyss:1:  evilmike_abyss_exit_10, hangedman_abyss_exit_choices

Skill      XL: |  1  2  3  4  5  6  7  8  9 10 11 12 13 14 15 16 17 18 19 20 21 22 23 24 |
---------------+-------------------------------------------------------------------------+-----
Slings         | 6 7 8 9 10 11 12 13 14 | 14.0
Fighting       | 2 3 4 5 6 7 8 9 10 11 12 14 15 16 17 18 | 18.1
Dodging        | 3 4 6 7 9 11 12 13 14 15 16 17 18 19 | 19.5
Evocations     | 2 3 5 7 8 9 10 | 10.7
Long Blades    | 6 8 10 11 12 14 15 16 | 16.9
Stealth        | 2 0 |  0.0
Armour         | 4 7 10 11 13 14 15 | 15.1

Action                   |  1- 3 |  4- 6 |  7- 9 | 10-12 | 13-15 | 16-18 | 19-21 | 22-24 || total
-------------------------+-------+-------+-------+-------+-------+-------+-------+-------++-------
Melee: Hunting sling     |       |     2 |       |     4 |       |       |       |       ||     6
       Scimitar          |       |       |       |   267 |    77 |       |       |       ||   344
       Dagger            |       |       |       |    11 |       |       |       |       ||    11
       Double sword      |       |       |       |    84 |   937 |   928 |  1288 |  1213 ||  4450
 Fire: Hunting sling     |    83 |   235 |   359 |   487 |    33 |     3 |       |       ||  1200
       Fustibalus        |       |       |       |       |       |   393 |   152 |       ||   545
Throw: Throwing net      |       |       |       |     1 |       |     1 |       |       ||     2
Invok: Sacrifice Skill   |       |       |     1 |       |       |       |       |       ||     1
       Sacrifice Arcana  |       |       |       |     1 |       |       |       |       ||     1
       Sacrifice Essence |       |       |       |     1 |     1 |       |       |       ||     2
       Draw Out Power    |       |       |       |     2 |     2 |     8 |     5 |     1 ||    18
       Sacrifice Love    |       |       |       |     1 |       |       |       |       ||     1
       Sacrifice Courage |       |       |       |     1 |       |       |       |       ||     1
       Apocalypse        |       |       |       |       |     1 |     5 |     5 |     4 ||    15
       Sacrifice Stealth |       |       |       |       |     1 |       |       |       ||     1
 Abil: Evoke Invisibilit |       |       |       |       |     5 |     6 |     1 |     4 ||    16
Evoke: Wand              |       |     1 |     3 |    23 |    18 |    32 |    12 |    13 ||   102
       Lamp of fire      |       |       |       |       |     1 |     5 |       |     1 ||     7
  Use: Scroll            |       |     9 |     3 |    17 |    14 |    21 |    12 |     5 ||    81
       Potion            |       |       |       |     4 |     2 |    11 |     8 |     4 ||    29
 Stab: Sleeping          |       |       |       |     8 |     1 |       |       |       ||     9
       Invisible         |       |       |       |     1 |    31 |    43 |    14 |    18 ||   107
       Distracted        |       |       |       |     1 |     6 |     6 |     7 |     4 ||    24
       Paralysed         |       |       |       |       |    16 |    13 |    16 |    15 ||    60
       Petrifying        |       |       |       |       |     1 |       |       |       ||     1
       Petrified         |       |       |       |       |     1 |       |       |       ||     1
  Eat: Chunk             |       |     4 |    11 |    14 |    24 |    11 |    10 |     7 ||    81
       Ration            |       |       |       |     3 |     4 |     9 |     8 |     9 ||    33
Armor: Leather armour    |     4 |    22 |    16 |     6 |       |       |       |       ||    48
       Skin              |       |       |       |    15 |       |       |       |       ||    15
       Robe              |       |       |       |    62 |       |       |       |       ||    62
       Ring mail         |       |       |       |    26 |   154 |   124 |    97 |       ||   401
       Chain mail        |       |       |       |       |     5 |   100 |   172 |   295 ||   572
Dodge: Dodged            |    20 |    57 |    85 |   494 |  1032 |   963 |   861 |   710 ||  4222
Block: Other             |       |       |       |       |    44 |    52 |    53 |    34 ||   183
       Reflection        |       |       |       |       |       |     1 |     4 |     4 ||     9
       Rpst.: Scimitar   |       |       |       |    83 |    14 |       |       |       ||    97
       Double sword      |       |       |       |    21 |   244 |   160 |   158 |   169 ||   752

Table legend:
 A = Spawn XP
 B = Non-spawn XP
 C = Spawn XP percentage of total XP
 D = Spawn monster count
 E = Non-spawn monster count
 F = Spawn count percentage of total count
 G = Total turns spent on level
                    A         B        C        D         E        F      G
               +---------+---------+-------+---------+---------+-------+---------
         Total |   16983 |  740667 |   2.2 |      38 |    1650 |   2.3 | 56086
               +---------+---------+-------+---------+---------+-------+---------
           D:1 |       0 |      63 |   0.0 |       0 |      29 |   0.0 |   702
           D:2 |       0 |     154 |   0.0 |       0 |      26 |   0.0 |   996
           D:3 |       0 |      91 |   0.0 |       0 |      24 |   0.0 |   962
           D:4 |       0 |    1376 |   0.0 |       0 |      19 |   0.0 |  1625
           D:5 |       0 |     556 |   0.0 |       0 |      25 |   0.0 |   931
           D:6 |       0 |    1397 |   0.0 |       0 |      23 |   0.0 |   780
           D:7 |       0 |    2504 |   0.0 |       0 |      43 |   0.0 |  1269
           D:8 |       0 |    3353 |   0.0 |       0 |      36 |   0.0 |  1737
           D:9 |       0 |    1038 |   0.0 |       0 |      19 |   0.0 |   886
          D:10 |       0 |    3116 |   0.0 |       0 |      42 |   0.0 |  1336
          D:11 |       0 |    3142 |   0.0 |       0 |      14 |   0.0 |   960
          D:12 |       0 |    4953 |   0.0 |       0 |      25 |   0.0 |   943
          D:13 |       0 |   10106 |   0.0 |       0 |      27 |   0.0 |  1065
          D:14 |       0 |   12657 |   0.0 |       0 |      54 |   0.0 |  1577
          D:15 |       0 |   10955 |   0.0 |       0 |      34 |   0.0 |  1036
        Lair:1 |       0 |    4147 |   0.0 |       0 |      37 |   0.0 |   969
        Lair:2 |       0 |    5219 |   0.0 |       0 |      17 |   0.0 |  1410
        Lair:3 |       0 |    3109 |   0.0 |       0 |      14 |   0.0 |   943
        Lair:4 |       0 |    9545 |   0.0 |       0 |      45 |   0.0 |  1610
        Lair:5 |       0 |    5466 |   0.0 |       0 |      41 |   0.0 |   764
        Lair:6 |       0 |   17797 |   0.0 |       0 |      35 |   0.0 |  1476
      Shoals:1 |       0 |    8773 |   0.0 |       0 |      22 |   0.0 |  1010
      Shoals:2 |       0 |   10600 |   0.0 |       0 |      23 |   0.0 |  1031
      Shoals:3 |       0 |    9166 |   0.0 |       0 |      18 |   0.0 |  1768
      Shoals:4 |       0 |   41823 |   0.0 |       0 |      67 |   0.0 |  2124
       Snake:1 |       0 |   11462 |   0.0 |       0 |      24 |   0.0 |  1550
       Snake:2 |       0 |   25611 |   0.0 |       0 |      36 |   0.0 |  2320
       Snake:3 |       0 |   20429 |   0.0 |       0 |      35 |   0.0 |  1166
       Snake:4 |       0 |   73267 |   0.0 |       0 |     124 |   0.0 |  2833
         Orc:1 |       0 |    2570 |   0.0 |       0 |       5 |   0.0 |   759
         Orc:2 |       0 |    6379 |   0.0 |       0 |      51 |   0.0 |   966
         Elf:1 |       0 |   20921 |   0.0 |       0 |      31 |   0.0 |  1307
         Elf:2 |       0 |   42064 |   0.0 |       0 |      63 |   0.0 |  2151
         Elf:3 |       0 |   20825 |   0.0 |       0 |      25 |   0.0 |  1218
      Vaults:1 |       0 |   60728 |   0.0 |       0 |     102 |   0.0 |  2342
      Vaults:2 |       0 |   65506 |   0.0 |       0 |     118 |   0.0 |  2494
      Vaults:3 |       0 |   85284 |   0.0 |       0 |     123 |   0.0 |  3125
      Vaults:4 |       0 |   81644 |   0.0 |       0 |     102 |   0.0 |  2951
      Vaults:5 |       0 |   51139 |   0.0 |       0 |      49 |   0.0 |   110
       Abyss:1 |   16983 |    1732 |  90.7 |      38 |       3 |  92.7 |   884
               +---------+---------+-------+---------+---------+-------+---------

Vault maps used:
D:1:      grunt_arrival_lava_bath
D:2:      kiku_gazebo_pond_becter, serial_glass, glass_columns_b,
          glass_columns_a, st_stairs_5, kennysheep_generic_room_2
D:3:      evilmike_ruin_ashenzari
D:4:      serial_co_window_serial, co_window_of_opportunity_a,
          co_window_cross_1, co_window_paths_a, co_window_corner_a,
          co_window_corner_a, co_window_corner_a, co_window_paths_a,
          co_window_corner_b, co_window_corner_ca, co_window_2corner,
          co_window_2corner, co_window_4corner_b, glass_columns_a,
          glass_columns_c, glass_columns_a, nicolae_ru_sacrificial_ziggurat,
          uniq_duvessa, uniq_pikel
D:5:      serial_shops, shop_fountains, first_ration, minmay_curled_crystal
D:6:      vehumet_crystals, minmay_temple_entry_fiery, basic_altar,
          serial_shops, nicolae_shop_crystal, kennysheep_slug_shrine
D:7:      the_bakery, minivault_27, grunt_decor_clamped, grunt_ministairs_2,
          minmay_fountain_box, kennysheep_doodads, uniq_prince_ribbit1,
          uniq_menkaure
D:8:      overflow_temple_1_default, serial_shops, shop,
          hangedman_feature_mirror, tso_altar, uniq_grum, uniq_maurice,
          uniq_erica
D:10:     david_lair_shrubbed, orc_0_dummy, special_room, basic_altar
D:11:     lab_entry_generic, fedhas_altar_1
D:13:     serial_shops, nicolae_shop_statue_plus, elyvilon_altar_5
D:14:     grunt_vaults_entry_tiered, serial_bayou_shore_b, minmay_misc_feat_chi
D:15:     grunt_enter_depths_hoard, nicolae_dithmenos_through_a_glass_darkly,
          serial_shops, nicolae_shop_behind_doors, minmay_misc_feat_square,
          uniq_josephine
Lair:2:   small_statue_intersection, uniq_nergalle, uniq_urug
Lair:4:   minmay_shoals_entry_centaurs, guppyfry_snake_entry_garden,
          st_stairs_13, cheibrodos_lair_reptile_den
Lair:5:   lemuel_slime, st_stairs_11, grunt_megastairs_3
Lair:6:   due_jungle_book, minmay_slime_entry_oklob_enclosed
Shoals:2: nicolae_shoals_hunting_party
Shoals:3: serial_shops, shop, regret_index_shoals_crete
Shoals:4: shoals_end_grunt_ice, shoals_ilsuiw_ice, nicolae_shoals_undead_eyrie
Snake:1:  uniq_donald, uniq_aizul
Snake:2:  serial_shops, shop
Snake:3:  uniq_bai_suzhen
Snake:4:  johnstein_snake_rune_scales, lemuel_fruit_tree, grunt_megastairs_2
Orc:1:    nicolae_orc_accident_1, serial_shops, nicolae_shop_behind_doors,
          mines2_david
Orc:2:    st_orc_mages, bloody_trog
Elf:1:    elf_arrival_001, serial_shops, nicolae_shop_stone,
          hangedman_elven_crosses_minicolossus, lemuel_flamethrower_2,
          uniq_agnes
Elf:3:    minmay_elf_hall_four_x, serial_shops, nicolae_shop_statue_plus
Vaults:1: v_alt_pattern_6, v_misc_2, nicolae_vaults_little_squares_2,
          vaults_room_pools, nicolae_vaults_ninety_degrees,
          nicolae_vaults_diagonal_hallway_8, vaults_mumra_minichess,
          nicolae_vaults_little_ls, vaults_room_grid,
          nicolae_vaults_three_branches, v_misc_29, st_lattice,
          ontoclasm_vaults_idyll, serial_shops, shop, uniq_nikola
Vaults:2: vaults_room_stairs_pillars, nicolae_vaults_stairing_the_circle,
          v_pattern_3, ontoclasm_vaults_eye, ontoclasm_vaults_misaligned,
          dpeg_vaults_monster_row, nicolae_vaults_rhombus_6,
          special_room_vaults, nicolae_vaults_sealed_display,
          vaults_dpeg_encased_lava, serial_shops, shop,
          portal_desolation_entry_nicolae_slug
Vaults:3: vaults_dpeg_spiral, minmay_crypt_entry_simple_box,
          vaults_mumra_hexcomb, vaults_mumra_chevron_long,
          ontoclasm_vaults_chip, v_misc_2, v_alt_pattern_6,
          ontoclasm_vaults_spin, vaults_standard_mumra_x, uniq_saint_roka,
          uniq_margery
Vaults:4: v_misc_26, hangedman_vaults_stitches, st_hourglassy,
          vaults_room_stairs_pillars, v_misc_24, vaults_room_corners, v_misc_12,
          hangedman_vaults_stretched_pinwheel, uniq_jorgrun, uniq_jory,
          uniq_sojobo
Vaults:5: serial_shops
Abyss:1:  evilmike_abyss_exit_10, hangedman_abyss_exit_choices

Table legend:
 A = Turns spent in this place as a percentage of turns spent in the entire game.
 B = Non-inter-level travel turns spent in this place as a percentage of non-inter-level travel turns spent in the entire game.
 C = Inter-level travel turns spent in this place as a percentage of turns spent in this place.
 D = Turns resting spent in this place as a percentage of non-inter-level travel turns spent in this place.
 E = Turns spent auto-exploring this place as a percentage of non-inter-level travel turns spent in this place.
 F = Non-inter-level travel turns spent in this place divided by the number of levels of this place that you've seen.
                   A       B       C       D       E      F
               +-------+-------+-------+-------+-------+----------------------
         Total | 100.0 | 100.0 |   7.3 |  30.7 |  45.5 | 1299.9
       Dungeon |  30.0 |  29.3 |   9.3 |  15.7 |  63.5 | 1015.6
          Lair |  12.8 |  12.4 |  10.4 |  21.2 |  56.2 | 1070.7
        Shoals |  10.6 |  10.7 |   6.5 |  36.4 |  37.3 | 1387.0
     Snake Pit |  14.0 |  14.3 |   5.5 |  39.9 |  37.3 | 1858.5
  Orcish Mines |   3.1 |   3.0 |  10.5 |  35.6 |  40.9 | 772.0
   Elven Halls |   8.3 |   8.6 |   4.3 |  41.7 |  38.0 | 1491.0
        Vaults |  19.7 |  20.1 |   5.1 |  42.1 |  29.4 | 2091.4
         Abyss |   1.6 |   1.7 |   0.0 |  46.7 |  14.9 | 884.0
               +-------+-------+-------+-------+-------+----------------------

Table legend:
 A = Kills in this place as a percentage of kills in entire the game.
 B = Kills by you in this place as a percentage of kills by you in the entire game.
 C = Kills by friends in this place as a percentage of kills by friends in the entire game.
 D = Other kills in this place as a percentage of other kills in the entire game.
 E = Experience gained in this place as a percentage of experience gained in the entire game.
 F = Experience gained in this place divided by the number of levels of this place that you have seen.
                   A       B       C       D       E      F
               +-------+-------+-------+-------+-------+----------------------
         Total | 100.0 | 100.0 |   N/A | 100.0 | 100.0 | 18941.2
       Dungeon |  26.1 |  26.3 |   N/A |  17.5 |   7.3 | 3697.4
          Lair |  11.2 |  11.2 |   N/A |  12.5 |   6.0 | 7547.2
        Shoals |   7.7 |   7.7 |   N/A |   7.5 |   9.3 | 17590.5
     Snake Pit |  13.0 |  12.8 |   N/A |  20.0 |  17.3 | 32692.2
  Orcish Mines |   3.3 |   3.3 |   N/A |   2.5 |   1.2 | 4474.5
   Elven Halls |   7.0 |   7.2 |   N/A |   0.0 |  11.1 | 27936.7
        Vaults |  29.3 |  29.1 |   N/A |  35.0 |  45.4 | 68860.2
         Abyss |   2.4 |   2.4 |   N/A |   5.0 |   2.5 | 18715.0
               +-------+-------+-------+-------+-------+----------------------
